 Dungeon Crawl Stone Soup version 0.28-a0-697-g47f3eba078 (webtiles) character file.

Game seed: 11185472493414226141

828 KoroneIsBestGirl the Poker (level 7, -12/57 HPs)
             Began as a Vine Stalker Berserker on Oct 24, 2021.
             Was a Priest of Trog.
             Mangled by Blork the orc (15 damage)
             ... on level 4 of the Dungeon.
             The game lasted 00:04:07 (3442 turns).

KoroneIsBestGirl the Poker (Vine Stalker Berserker) Turns: 3442, Time: 00:04:09

Health: -12/57     AC:  5    Str: 22    XL:     7   Next: 97%
Magic:  0/8        EV: 12    Int:  7    God:    Trog [***...]
Gold:   153        SH:  0    Dex: 13    Spells: 6/6 levels left

rFire   . . .      SeeInvis .   i - +2 scythe (freeze)
rCold   . . .      Faith    .   (shield currently unavailable)
rNeg    . . .      Spirit   +   b - +0 animal skin
rPois   .          Reflect  .   (no helmet)
rElec   .          Harm     .   f - +2 cloak
rCorr   .          Rampage  .   (no gloves)
Will    .....                   (no boots)
Stlth   ..........              (no amulet)
HPRegen 1.19/turn               (no ring)
MPRegen 0.11/turn               (no ring)

@: berserking, very quick
A: fangs 2, regeneration 1, magic shield, antimagic bite, no potion heal 2
a: Renounce Religion, Berserk, Trog's Hand


You were on level 4 of the Dungeon.
You worshipped Trog.
Trog was most pleased with you.
You visited 1 branch of the dungeon, and saw 4 of its levels.

You collected 153 gold pieces.

Inventory:

Hand Weapons
 a - a +0 spear
 i - a +2 scythe of freezing (weapon)
Armour
 b - a +0 animal skin (worn)
 f - a +2 cloak (worn)
 n - a +0 kite shield
Magical Staves
 j - a staff of fire
Scrolls
 c - a scroll of identify {unknown}
 e - 3 scrolls of teleportation {unknown}
 h - 2 scrolls of enchant weapon {unknown}
Potions
 d - a potion of resistance {unknown}
 g - 2 potions of heal wounds {unknown}
 k - a potion of cancellation {unknown}
 l - a potion of might
 m - a potion of degeneration {unknown}


   Skills:
 + Level 4.5 Fighting
 + Level 4.5 Polearms
 + Level 3.7 Armour
 - Level 3.0 Dodging
 * Level 3.2 Shields


You had 6 spell levels left.
You didn't know any spells.
Your spell library contained the following spells:

 Spells                   Type           Power      Damage    Failure   Level
 Beastly Appendage        Tmut           0%         N/A       43%         1
 Magic Dart               Conj           0%         1d3       43%         1
 Searing Ray              Conj           0%         2d4       56%         2
 Wereblood                Tmut           0%         N/A       56%         2
 Dazzling Flash           Conj/Hex       0%         N/A       80%         3
 Spider Form              Tmut/Pois      0%         N/A       80%         3
 Fulminant Prism          Conj/Hex       0%         3d6       99%         4
 Agony                    Necr           0%         N/A       100%        5
 Silence                  Hex/Air        0%         N/A       100%        5


Dungeon Overview and Level Annotations

Branches:
Dungeon (4/15)
 Temple: D:4-7

Altars:
Hepliaklqana
Beogh

Annotations:
D:3 3 runed translucent doors, SmokeWeed's ghost, amateur TrFi
D:4 Blork the orc


Innate Abilities, Weirdness & Mutations

You have extremely sharp teeth.
Your natural rate of healing is unusually fast.
When hurt, damage is shared between your health and your magic reserves.
Your bite disrupts and absorbs the magic of your enemies.
Potions cannot restore your health.


Message History

You reach to attack!
You slash the ball python!
The ball python seems to slow down.
You freeze the ball python.
You kill the ball python!
Trog accepts your kill.
Blork the orc comes into view.
He is wielding a +0 long sword.
Blork the orc shouts!
Blork the orc is nearby!
Blork the orc is nearby!
Blork the orc frowns.
Blork the orc mumbles some strange words.
Blork the orc seems to speed up.
Blork the orc gestures at you while chanting.
The magic dart hits you!
Blork the orc gestures at you while chanting.
The magic dart hits you.
You reach to attack!
You barely miss Blork the orc.
Blork the orc drinks a potion.
Blork the orc seems to grow stronger.
Blork the orc looks satisfied for a moment.
You barely miss Blork the orc. Your bite misses Blork the orc.
Blork the orc screams, "I'll rip your head off!"
Blork the orc hits you with a +0 long sword!
Blork the orc casts a spell at you. The puff of flame hits you.
You are too injured to fight recklessly!
A red film seems to cover your vision as you go berserk!
You feel yourself moving faster!
You feel mighty!
Blork the orc hits you with a +0 long sword! x2
* * * LOW HITPOINT WARNING * * *
You closely miss Blork the orc. You bite Blork the orc.
Blork the orc's magic leaks into the air.
You drain his magic.
You feel invigorated.
Blork the orc is lightly wounded.
Blork the orc barely misses you. Blork the orc misses you.
You slice Blork the orc!! You freeze Blork the orc.
Your bite misses Blork the orc.
Blork the orc is severely wounded.
Blork the orc hits you with a +0 long sword!
* * * LOW HITPOINT WARNING * * *
Blork the orc hits you with a +0 long sword!
You die...

###.#..+.....+...........#
....#.##.....#.##.#......#
.####<####.....##.#......########
.####.####.#####.(..#..####......
.................#.....####.#####
#####.####.#####.##.........# #
.# #.# #.# #.#####.###### # .#
#.# #.# #.## #.# # #####.####.#
#@.# #.# # ........^..# ##o# #.#
##### #####.###### ..# #.#
###...) #.# #.# #.# #.#.###
#####.# .# #.# #.#.## ......# ..
#.# #....# ....### #.##.# #....#
###.# .##.# #.##.## ....# .##.#
#.#....


You could see Blork the orc (fast, strong).

Vanquished Creatures
  Sigmund (D:2)
  A wyvern (D:4)
  An ogre (D:4)
  A scorpion (D:4)
  2 jellies (D:4)
  A hound (D:4)
  An iguana (D:4)
  2 orc wizards
  2 howler monkey zombies (D:4)
  7 adders
  An adder skeleton (D:4)
  2 dart slugs
  8 orcs
  8 endoplasms
  3 giant cockroaches
  8 hobgoblins
  5 jackals
  5 kobolds
  3 quokkas
  8 ball pythons
  9 bats
  2 frilled lizards
  5 goblins
  A rat (D:1)
87 creatures vanquished.

Notes
Turn   | Place    | Note
-------+----------+-------------------------------------------
     0 | D:1      | KoroneIsBestGirl the Vine Stalker Berserker began the quest
                  | for the Orb.
     0 | D:1      | Reached XP level 1. HP: 11/11 MP: 2/2
   213 | D:1      | Reached XP level 2. HP: 15/16 MP: 3/3
   677 | D:1      | Reached XP level 3. HP: 14/20 MP: 1/4
   787 | D:1      | Reached ** piety under Trog
  1644 | D:2      | Gained mutation: Your natural rate of healing is unusually
                  | fast. [Vine Stalker growth]
  1644 | D:2      | Reached XP level 4. HP: 24/24 MP: 5/5
  1698 | D:2      | Noticed Sigmund
  1746 | D:2      | Killed Sigmund
  1747 | D:2      | Reached XP level 5. HP: 29/29 MP: 2/6
  1812 | D:2      | Reached XP level 6. HP: 33/33 MP: 7/7
  2481 | D:3      | Found a runed translucent gate.
  2482 | D:3      | Found a runed translucent gate.
  2482 | D:3      | Identified the +2 short sword of Entrepreneurial Spirit
                  | {antimagic, rPois Will+ Int-5}
  2482 | D:3      | Identified the +1 leather armour "Xijetty" {Rampage rC+
                  | Will-}
  2483 | D:3      | Found a runed translucent gate.
  2486 | D:3      | Noticed SmokeWeed's ghost (amateur TrFi)
  2806 | D:4      | Reached *** piety under Trog
  2833 | D:4      | Reached skill level 1 in Shields
  2897 | D:4      | Reached XP level 7. HP: 37/37 MP: 8/8
  2962 | D:4      | Noticed a wyvern
  2971 | D:4      | Killed a wyvern
  2973 | D:4      | HP: 1/55 [acid (2)]
  2998 | D:4      | Found a hazy altar of Hepliaklqana.
  3434 | D:4      | Noticed Blork the orc
  3442 | D:4      | Mangled by Blork the orc

Illustrated notes

Levels and vault maps discovered:
D:1:      dpeg_arrival_rooms_a, layout_loops_corners
D:2:      layout_basic, uniq_sigmund
D:3:      layout_loops_ring, biasface_ghost_orc_armoury, grunt_ministairs_7
D:4:      layout_basic, mainiacjoe_overflow_24_doors, uniq_blork_the_orc

Skill      XL: |  1  2  3  4  5  6  7 |
---------------+----------------------+-----
Fighting       | 3 4 |  4.5
Polearms       | 3 4 |  4.5
Armour         | 2 3 |  3.7
Dodging        | 2 3 |  3.0
Shields        | 1 3 |  3.2

Action                   |  1- 3 |  4- 6 |  7- 9 || total
-------------------------+-------+-------+-------++-------
Melee: Spear             |   109 |    28 |       ||   137
       Bite              |    25 |    31 |     7 ||    63
       Scythe            |       |    63 |    39 ||   102
Invok: Berserk           |     1 |     1 |     3 ||     5
  Use: Potion            |       |       |     1 ||     1
 Stab: Sleeping          |     6 |     3 |     2 ||    11
       Distracted        |       |       |     1 ||     1
Armor: Animal skin       |    15 |    35 |     6 ||    56
Dodge: Dodged            |    60 |    67 |    18 ||   145

Table legend: (Time is in decaauts)
 A = Elapsed time spent in this place.
 B = Non-inter-level travel time spent in this place.
 C = Inter-level travel time spent in this place.
 D = Time resting spent in this place.
 E = Time spent auto-exploring this place.
 F = Levels seen in this place.
 G = Mean time per level.
                   A        B        C        D        E       F      G
               +--------+--------+--------+--------+--------+-----+--------+
         Total |   3550 |   3464 |     86 |    183 |   2650 |   4 |  887.5 |
       Dungeon |   3550 |   3464 |     86 |    183 |   2650 |   4 |  887.5 |
               +--------+--------+--------+--------+--------+-----+--------+

Top non-repeatable levels by time:
     D:1: 1165 daAuts
     D:2: 900 daAuts
     D:4: 774 daAuts
     D:3: 709 daAuts
